 Dungeon Crawl Stone Soup version 0.27.1-3-gb3d3a73c9e (webtiles) character file.

Game seed: 2723027899399732050

1415 Urokeeper the Skirmisher (level 8, 0/71 HPs)
             Began as a Minotaur Berserker on Oct 21, 2021.
             Was a Priest of Trog.
             Slain by a two-headed ogre (16 damage)
             ... on level 6 of the Dungeon.
             The game lasted 00:12:08 (5654 turns).

Urokeeper the Skirmisher (Minotaur Berserker)       Turns: 5654, Time: 00:12:09

Health: 0/71       AC: 15    Str: 23    XL:     8   Next: 43%
Magic:  7/7        EV:  7    Int:  4    God:    Trog [***...]
Gold:   279        SH:  0    Dex: 11    Spells: 7/7 levels left

rFire    . . .     SeeInvis +   k - +2 arbalest
rCold    . . .     Faith    .   (shield currently unavailable)
rNeg     . . .     Spirit   .   q - +0 plate armour
rPois    .         Reflect  .   s - +1 hat
rElec    .         Harm     .   j - +0 cloak
rCorr    .         Rampage  .   (no gloves)
Will     .....                  (no boots)
Stlth    ..........             (no amulet)
HPRegen  0.21/turn              e - ring of see invisible
MPRegen  0.10/turn              (no ring)

@: no status effects
A: horns 2, retaliatory headbutt
a: Renounce Religion, Berserk, Trog's Hand


You were on level 6 of the Dungeon.
You worshipped Trog.
Trog was most pleased with you.
You visited 1 branch of the dungeon, and saw 6 of its levels.

You collected 279 gold pieces.

Inventory:

Hand Weapons
 a - a +0 mace
 b - a +0 whip of electrocution
 k - a +2 arbalest (weapon)
 r - a +1 war axe
Missiles
 l - 77 bolts (quivered ammo)
Armour
 i - a +0 tower shield
 j - a +0 cloak (worn)
 q - a +0 plate armour (worn)
 s - a +1 hat (worn)
 y - a +1 buckler of protection
 A - a scarf of shadows
Jewellery
 e - a ring of see invisible (left hand)
Wands
 t - a wand of polymorph (11)
 w - a wand of iceblast (1)
Scrolls
 d - 3 scrolls of magic mapping
 n - a scroll of fog
 p - 2 scrolls of fear
 u - a scroll of vulnerability {unknown}
 v - a scroll of brand weapon {unknown}
 x - a scroll of identify {unknown}
 z - a scroll of teleportation {unknown}
 B - a scroll of silence {unknown}
Potions
 c - a potion of lignification {unknown}
 f - a potion of heal wounds {unknown}
 g - a potion of degeneration {unknown}
 h - 2 potions of curing
 m - a potion of cancellation
 o - a potion of berserk rage {unknown}


   Skills:
 + Level 6.7 Fighting
 - Level 4.3 Maces & Flails
 * Level 6.7 Crossbows
 + Level 6.0 Armour
 - Level 2.6 Dodging
 + Level 5.1 Shields


You had 7 spell levels left.
You didn't know any spells.
Your spell library was empty.

Dungeon Overview and Level Annotations

Branches:
Dungeon (6/15)
 Temple: D:4-7

Altars:


Innate Abilities, Weirdness & Mutations

You have a pair of horns on your head.
You reflexively headbutt those who attack you in melee.


Message History

You climb upwards.
There is a stone staircase leading down here.
Sorry, I don't know how to traverse that place.
There is a stone staircase leading down here.
You can't go up here!
You climb downwards.
There is a stone staircase leading up here.
Found a scroll labelled GIRYFA JEAPOSM.
B - a scroll labelled GIRYFA JEAPOSM
Found 13 gold pieces.
Found a stone staircase leading down.
You now have 279 gold pieces (gained 13).
Found 9 gold pieces.
Found an escape hatch in the floor.
A two-headed ogre comes into view. It is wielding two +0 giant clubs.
The two-headed ogre shouts in stereo!
Okay, then.
You shoot a bolt. The bolt hits the two-headed ogre!!
The two-headed ogre is moderately wounded.
The two-headed ogre hits you but does no damage.
The two-headed ogre hits you with a +0 giant club!!
You shoot a bolt. The bolt hits the two-headed ogre!
The two-headed ogre is heavily wounded.
The two-headed ogre closely misses you. The two-headed ogre barely misses you.
You shoot a bolt. The bolt hits the two-headed ogre.
The two-headed ogre is severely wounded.
The two-headed ogre hits you with a +0 giant club!
The two-headed ogre hits you with a +0 giant club!!
* * * LOW HITPOINT WARNING * * *
You are too injured to fight recklessly!
You are too injured to fight recklessly!
You are too injured to fight recklessly!
You are too injured to fight recklessly!
Fire: 78 bolts
Press: ? - help, Q - select action, (/) - cycle Shift-Dir - straight line, f/p - two-headed ogre
Aim: a two-headed ogre, wielding two +0 giant clubs (severely wounded, 78% to hit)
You shoot a bolt.
The bolt barely misses the two-headed ogre.
The two-headed ogre hits you with a +0 giant club!
You die...

#.##.......#
#.........##
###..........#
##.............
#..........##..
###.......## .#
#.#....##
####...#.##..
#..@O(....(
#..........
#.........>.#
#.........$.##
##.....^...##
##.#.....##
..#..##..
#...... ...


You could see a two-headed ogre.

Vanquished Creatures
  Pikel (D:4)
  A water moccasin (D:5)
  A sky beast (D:5)
  2 necrophages
  2 phantoms (D:5)
  3 lemures (D:4)
  A scorpion (D:5)
  A bullfrog zombie (D:5)
  Ijyb (D:4)
  An iguana (D:5)
  2 orc wizards
  3 gnolls (D:5)
  8 adders
  An ufetubus (D:5)
  3 worms
  3 dart slugs
  7 orcs
  8 ball pythons
  7 bats
  6 endoplasms
  2 giant cockroaches
  7 hobgoblins
  3 quokkas (D:1)
  A frilled lizard (D:1)
  9 goblins
  11 kobolds
  4 rats
99 creatures vanquished.

Vanquished Creatures (others)
  18 plants (D:4)
18 creatures vanquished.

Grand Total: 117 creatures vanquished

Notes
Turn   | Place    | Note
-------+----------+-------------------------------------------
     0 | D:1      | Urokeeper the Minotaur Berserker began the quest for the
                  | Orb.
     0 | D:1      | Reached XP level 1. HP: 19/19 MP: 0/0
   242 | D:1      | Reached XP level 2. HP: 20/27 MP: 1/1
   780 | D:1      | Reached ** piety under Trog
   866 | D:1      | Reached XP level 3. HP: 30/33 MP: 2/2
  1568 | D:2      | Reached skill level 1 in Crossbows
  1757 | D:2      | Reached skill level 1 in Shields
  1761 | D:2      | Reached XP level 4. HP: 15/40 MP: 3/3
  2970 | D:3      | Reached XP level 5. HP: 47/47 MP: 4/4
  3690 | D:4      | Noticed Ijyb
  3695 | D:4      | Killed Ijyb
  3999 | D:4      | Noticed a lemure
  4003 | D:4      | Noticed a necrophage
  4012 | D:4      | Killed a necrophage
  4013 | D:4      | Reached XP level 6. HP: 52/55 MP: 5/5
  4085 | D:4      | Noticed Pikel
  4106 | D:4      | Killed Pikel
  4107 | D:4      | Reached skill level 5 in Fighting
  4107 | D:4      | Reached skill level 5 in Crossbows
  4107 | D:4      | Reached skill level 5 in Armour
  4107 | D:4      | Reached XP level 7. HP: 19/62 MP: 6/6
  4561 | D:5      | Entered Level 5 of the Dungeon
  4892 | D:5      | Reached *** piety under Trog
  4893 | D:5      | Reached XP level 8. HP: 63/70 MP: 7/7
  5175 | D:5      | Reached skill level 5 in Shields
  5597 | D:6      | Noticed a two-headed ogre
  5650 | D:6      | Noticed a two-headed ogre
  5654 | D:6      | Slain by a two-headed ogre

Illustrated notes

Levels and vault maps discovered:
D:1:      dpeg_arrival_round_a, layout_basic, corexii_corridor_pit,
          minmay_fountain_box, minmay_pentomino_o2
D:2:      layout_basic, ebering_dispersal_statue_hall
D:3:      layout_loops_ring, serial_rivers, chequers_serial_rivers_small_b,
          chequers_serial_rivers_micro_b, chequers_serial_rivers_micro_d,
          chequers_serial_rivers_micro_b, chequers_serial_rivers_small_3
D:4:      layout_cave_pools, serial_bayou_lake_a, uniq_pikel, uniq_ijyb
D:5:      layout_gridville
D:6:      layout_cave_pools, minmay_temple_entry_purple_smoke, sigmund_army

Skill      XL: |  1  2  3  4  5  6  7  8 |
---------------+-------------------------+-----
Maces & Flails | 4 |  4.3
Fighting       | 4 5 6 |  6.7
Armour         | 3 4 5 6 |  6.0
Crossbows      | 1 2 3 5 6 |  6.7
Shields        | 1 2 4 5 |  5.1
Dodging        | |  2.6

Action                   |  1- 3 |  4- 6 |  7- 9 || total
-------------------------+-------+-------+-------++-------
Melee: Mace              |    46 |     1 |       ||    47
       Headbutt          |     6 |     1 |     1 ||     8
       Arbalest          |       |       |     4 ||     4
 Fire: Arbalest          |    38 |   114 |    92 ||   244
Invok: Trog's Hand       |       |     1 |     1 ||     2
  Use: Scroll            |       |       |     6 ||     6
       Potion            |       |       |     2 ||     2
Armor: Animal skin       |    16 |    11 |       ||    27
       Plate armour      |       |    39 |    48 ||    87
Dodge: Dodged            |    43 |    47 |    34 ||   124
